 Dungeon Crawl Stone Soup version 0.26.1-2-gb8aa6d0cf2 (webtiles) character file.

Game seed: 18289535868273129261

5597 skwiii the Fighter (level 10, -3/82 (93) HPs)
             Began as a Minotaur Fighter on Feb 24, 2021.
             Was an Initiate of Gozag.
             Killed from afar by a starcursed mass (9 damage)
             ... with an accursed screaming
             ... on level 2 of the Abyss.
             The game lasted 00:22:28 (12567 turns).

skwiii the Fighter (Minotaur Fighter)              Turns: 12567, Time: 00:22:29

HP:   -3/82 (93)    AC: 15    Str: 24    XL:     10   Next: 45%
MP:   6/6           EV:  9    Int:  1    God:    Gozag
Gold: 1503          SH: 11    Dex:  6    Spells: 9/9 levels left

rFire    . . .     SeeInvis .   a - +1 war axe
rCold    . . .     Faith    .   c - +0 kite shield
rNeg     + . .     Spirit   .   w - +3 chain mail {rN+}
rPois    .         Reflect  .   (helmet restricted)
rElec    .         Harm     +   m - scarf {harm}
rCorr    .         Rampage  .   g - +0 pair of gloves
Will     .....     Rnd*Tele +   (no boots)
Stlth    ..........             (no amulet)
HPRegen  0.23/turn              k - ring of flight
MPRegen  0.10/turn              (no ring)

@: heavily drained
A: retaliatory headbutt, horns 2, [blurry vision 3], [clumsy 2], [dopey 2], [low
mp 3], [teleportitis 2], [no potion heal 2], [subdued magic 2]
a: Renounce Religion, Evoke Flight, Potion Petition, Call Merchant, Bribe Branch


You were on level 2 of the Abyss.
You worshipped Gozag.
Gozag was most pleased with you.
You visited 2 branches of the dungeon, and saw 12 of its levels.
You visited the Abyss 1 time.

You collected 1576 gold pieces.
You paid 73 gold pieces to Gozag.

Inventory:

Hand Weapons
 a - a +1 war axe (weapon)
 j - a +0 rapier of draining
 v - a +5 dire flail of holy wrath
Armour
 b - a +0 scale mail
 c - a +0 kite shield (worn)
 g - a +0 pair of gloves (worn)
 i - a +0 plate armour
 m - a scarf of harm (worn)
 w - a +3 chain mail of positive energy (worn)
 x - a +0 cloak
Jewellery
 k - a ring of flight (left hand)
 A - an uncursed ring of ice
Wands
 r - a wand of acid (6)
 B - a wand of iceblast (11)
 E - a wand of random effects (26)
Scrolls
 d - 2 scrolls of immolation
 h - 3 scrolls of fog {unknown}
 n - 3 scrolls of blinking
 o - 2 scrolls of teleportation
 p - 2 scrolls of remove curse {unknown}
 t - 2 scrolls of amnesia
 u - a scroll of magic mapping {unknown}
 y - a scroll of noise {unknown}
 C - 3 scrolls of identify
 F - a scroll of enchant armour {unknown}
Potions
 e - a potion of degeneration {unknown}
 l - a potion of lignification
 q - a potion of cancellation
 s - a potion of mutation {unknown}
 D - 2 potions of brilliance {unknown}


   Skills:
 + Level 9.9 Fighting
 + Level 9.5 Axes
 + Level 9.2 Armour
 + Level 6.7 Dodging
 + Level 8.3 Shields


You had 9 spell levels left.
You didn't know any spells.
Your spell library contained the following spells:

 Spells                   Type           Power        Failure   Level
 Animate Skeleton         Necr           0%           100%        1
 Pain                     Necr           0%           100%        1
 Vampiric Draining        Necr           0%           100%        3
 Animate Dead             Necr           0%           100%        4
 Agony                    Necr           0%           100%        5


Dungeon Overview and Level Annotations

Branches:
Dungeon (11/15)            Temple (1/1) D:4            Lair (0/6) D:8
    Orc: D:9-12

Altars:
Ashenzari
Cheibriados
Dithmenos
Elyvilon
Fedhas
Gozag
Hepliaklqana
Kikubaaqudgha
Makhleb
Nemelex Xobeh
Okawaru
Qazlal
Ru
Sif Muna
Trog
Uskayaw
Vehumet
Wu Jian
Xom
Yredelemnul
Zin
The Shining One

Shops:
D:6 [

Annotations:
D:8 exclusion: statue
D:10 Gastronok, Nergalle


Innate Abilities, Weirdness & Mutations

You reflexively headbutt those who attack you in melee.
You have a pair of horns on your head.
[Scrolls take you much longer to read.]
[You are very clumsy. (Dex -4)]
[You are very dopey. (Int -4)]
[Your magical capacity is extremely low. (-30% MP)]
[You are sometimes teleported next to monsters.]
[Potions are poor at restoring your health.]
[Your spells are easier to cast, but less powerful.]


Message History

The wretched star pulses with an eldritch light!
You feel weirdly uncertain.
You feel even more weirdly uncertain.
Your vision blurs.
Found a glowing hat.
The wretched star pulses with an eldritch light!
You feel stupid. x2
The wretched star pulses with an eldritch light!
You feel clumsy. x2
Found a glowing great mace.
Found 46 gold pieces.
The neqoxec gestures.
The neqoxec gestures.
A flying skull comes into view.
The flying skull gives a hideous shriek!
The wretched star pulses with an eldritch light!
You feel less energetic.
A flying skull comes into view.
A chorus of shrieks assaults your mind.
You die...
Your body crumbles into a pile of gold.

#.#. . #.#.. .# ## ..##.
##.. #.#### #.. .# .#.#
. #..#.####.###.# #. .#
##..##..##..##..##..#...
.......@.X........5....#
...........*.X.. 3....#
##..##..##..##X.##..## .
#. #z.##..## ##.. #
............X. ..#
..................
#..##$.##..##..##X.#.#
#.. #..##..##(.##..## z.
... ............##.


You could see 3 starcursed masses, a wretched star and a flying skull.

Vanquished Creatures
  Erica (D:10)
  2 trolls
  A wraith (D:10)
  Edmund (D:5)
  2 black bears
  2 ice beasts
  6 sky beasts
  2 necrophages
  2 phantoms
  An orc warrior (D:6)
  4 ogres
  4 centaurs
  2 bullfrogs
  4 scorpions
  5 wights (D:9)
  5 howler monkeys
  A bullfrog zombie (D:8)
  2 centaur zombies
  2 jellies
  A centaur skeleton (D:7)
  5 orc priests
  A hound (D:5)
  4 orc wizards
  8 iguanas
  6 worker ants
  2 hound zombies
  2 hound skeletons
  2 worker ant zombies
  4 gnolls (D:6)
  9 adders
  A shadow imp (D:6)
  2 white imps
  An ufetubus (D:7)
  An ooze (D:1)
  4 worms
  2 dart slugs
  4 leopard geckos
  36 orcs
  8 bats
  5 giant cockroaches
  6 goblins
  10 hobgoblins
  9 jackals
  4 quokkas
  3 frilled lizards (D:1)
  4 kobolds
  A leopard gecko zombie (D:8)
  7 rats
  2 starspawn tentacles (Abyss:1)
203 creatures vanquished.

Vanquished Creatures (others)
  2 starspawn tentacles (Abyss:1)
2 creatures vanquished.

Grand Total: 205 creatures vanquished

Notes
Turn   | Place    | Note
-------+----------+-------------------------------------------
     0 | D:1      | skwiii the Minotaur Fighter began the quest for the Orb.
     0 | D:1      | Reached XP level 1. HP: 19/19 MP: 0/0
    86 | D:1      | Reached XP level 2. HP: 27/27 MP: 1/1
   776 | D:2      | Reached XP level 3. HP: 33/33 MP: 2/2
   799 | D:2      | Found a snail-covered altar of Cheibriados.
   957 | D:2      | Found an ancient bone altar of Kikubaaqudgha.
  1576 | D:3      | Found a blossoming altar of Fedhas.
  1936 | D:3      | Reached XP level 4. HP: 39/41 MP: 3/3
  2310 | D:4      | Reached skill level 5 in Fighting
  2526 | D:4      | Reached XP level 5. HP: 48/48 MP: 4/4
  2534 | D:4      | Found a staircase to the Ecumenical Temple.
  2578 | Temple   | Entered the Ecumenical Temple
  2632 | Temple   | Became a worshipper of Gozag Ym Sagoz the Greedy
  3039 | D:4      | Reached skill level 5 in Axes
  3076 | D:4      | Reached XP level 6. HP: 53/57 MP: 5/5
  3240 | D:4      | Reached skill level 5 in Armour
  3454 | D:4      | Found an ornate altar of the Wu Jian Council.
  3583 | D:5      | Entered Level 5 of the Dungeon
  3721 | D:5      | Noticed Edmund
  3747 | D:5      | Killed Edmund
  3748 | D:5      | Reached skill level 1 in Dodging
  3748 | D:5      | Reached XP level 7. HP: 37/64 MP: 6/6
  5446 | D:6      | Found an iron altar of Okawaru.
  5500 | D:6      | Reached XP level 8. HP: 68/73 MP: 7/7
  5544 | D:6      | Found Timu's Antique Armour Boutique.
  5654 | D:6      | Reached skill level 5 in Shields
  6906 | D:7      | Found a burning altar of Makhleb.
  6914 | D:7      | Reached XP level 9. HP: 81/81 MP: 8/8
  7765 | D:8      | Found a basalt altar of Yredelemnul.
  7776 | D:8      | Reached skill level 5 in Dodging
  8021 | D:8      | Found a radiant altar of Vehumet.
  8082 | D:8      | Found a staircase to the Lair.
  8089 | D:8      | Found a white marble altar of Elyvilon.
  9185 | D:9      | Noticed a troll
  9200 | D:9      | Killed a troll
 10940 | D:10     | Entered Level 10 of the Dungeon
 10952 | D:10     | Reached XP level 10. HP: 88/91 MP: 9/9
 11071 | D:10     | Noticed Erica
 11081 | D:10     | Killed Erica
 12003 | D:10     | Noticed Nergalle
 12005 | D:10     | Noticed a spectral orc warlord
 12037 | D:10     | Noticed a spectral orc warlord
 12454 | D:10     | Noticed a spectral orc warlord
 12455 | D:10     | Noticed Gastronok
 12456 | D:10     | Cast into level 1 of the Abyss (spectral orc knight)
 12456 | Abyss:1  | Found a corrupted altar of Lugonu.
 12460 | Abyss:1  | Noticed a tentacled starspawn
 12517 | Abyss:2  | Noticed a starcursed mass
 12530 | Abyss:2  | Noticed a wretched star
 12535 | Abyss:2  | Noticed a large abomination
 12539 | Abyss:2  | Found a shimmering altar of Xom.
 12539 | Abyss:2  | Found a shimmering altar of Xom.
 12539 | Abyss:2  | Found a shimmering altar of Xom.
 12539 | Abyss:2  | Found a shimmering altar of Xom.
 12539 | Abyss:2  | Found a corrupted altar of Lugonu.
 12539 | Abyss:2  | Found a shimmering altar of Xom.
 12539 | Abyss:2  | Found a shimmering altar of Xom.
 12539 | Abyss:2  | Found a shimmering altar of Xom.
 12539 | Abyss:2  | Found a shimmering altar of Xom.
 12539 | Abyss:2  | Found a shimmering altar of Xom.
 12539 | Abyss:2  | Found a shimmering altar of Xom.
 12539 | Abyss:2  | Found a shimmering altar of Xom.
 12540 | Abyss:2  | Found a shimmering altar of Xom.
 12540 | Abyss:2  | Found a shimmering altar of Xom.
 12540 | Abyss:2  | Found a shimmering altar of Xom.
 12541 | Abyss:2  | Found a shimmering altar of Xom.
 12541 | Abyss:2  | Found a shimmering altar of Xom.
 12541 | Abyss:2  | HP: 3/82 [starcursed mass/accursed screaming (10)]
 12546 | Abyss:2  | HP: 1/82 [wretched star/lance of force (13)]
 12567 | Abyss:2  | Killed from afar by a starcursed mass

Illustrated notes

Levels and vault maps discovered:
D:1:      shiori_arrival_elements, layout_loops_ring, minmay_pentomino_u4
D:2:      layout_basic, overflow_temple_1_default, kennysheep_slug_shrine
D:3:      layout_loops_ring, lemuel_doored_altar
D:4:      layout_loops_ring, kennysheep_little_box, minmay_temple_entry_waves
D:5:      layout_basic, uniq_menkaure, uniq_edmund
D:6:      layout_basic, nicolae_overflow_crystal_walls, serial_shops, shop,
          serial_curves, eino_curves_03, eino_curves_04
D:7:      layout_loops_ring, makhleb_blood_cavern_becter
D:8:      layout_cave_pools, old_standard_altar, vehumet_statue,
          lair_entry_dummy, basic_altar
D:9:      layout_basic
D:10:     layout_big_octagon, kennysheep_orc_monster_closet_entryway,
          nicolae_trove_entry_crystal, uniq_erica, uniq_gastronok, uniq_nergalle
D:11:     dragon1_lemuel, layout_basic, serial_corexii_hall,
          corexii_hall_statues_i, chequers_hall_statues_wall_a
Temple:   nicolae_temple_x_marks_the_god
Abyss:2:  base: D:3, bh_abyss_xom_lugonu_altar, gammafunk_abyss_exit_x_factor

Skill      XL: |  1  2  3  4  5  6  7  8  9 10 |
---------------+-------------------------------+-----
Fighting       | 4 5 6 7 8 9 |  9.9
Axes           | 3 4 5 6 7 8 9 |  9.5
Armour         | 4 5 6 7 8 9 |  9.2
Dodging        | 1 2 4 6 |  6.7
Shields        | 4 6 7 8 |  8.3

Action                   |  1- 3 |  4- 6 |  7- 9 | 10-12 || total
-------------------------+-------+-------+-------+-------++-------
Melee: War axe           |   102 |   114 |   313 |    65 ||   594
       Headbutt          |    14 |    15 |    55 |    21 ||   105
  Use: Scroll            |       |     4 |     6 |     4 ||    14
       Potion            |       |     3 |     5 |     3 ||    11
 Stab: Distracted        |       |       |     2 |       ||     2
Armor: Scale mail        |    52 |    35 |       |       ||    87
       Chain mail        |       |       |   139 |    53 ||   192
Dodge: Dodged            |    33 |    24 |   108 |    45 ||   210
Block: Kite shield       |    37 |    52 |   171 |    49 ||   309
